 Dungeon Crawl Stone Soup version 0.18-a0-250-g43fb7cb (webtiles) character file.

5255 HenryFlower the Martial Artist (level 10, -4/47 HPs)
             Began as a Vine Stalker Monk on Nov 25, 2015.
             Was an Elder of Cheibriados.
             Slain by a white imp (7 damage)
             ... on level 1 of the Lair of Beasts.
             The game lasted 00:23:40 (7076 turns).

HenryFlower the Martial Artist (Vine Stalker Monk)  Turns: 7076, Time: 00:23:40

Health: -4/47      AC: 16    Str: 23    XL:     10   Next: 62%
Magic:  0/14       EV: 17    Int: 22    God:    Cheibriados [****..]
Gold:   578        SH:  0    Dex: 26    Spells: 0 memorised, 9 levels left

rFire  + + .     SeeInvis +       - Unarmed
rCold  x . .     Clarity  .     i - +3 fire dragon armour
rNeg   . . .     SustAt   .     (no shield)
rPois  .         Gourm    .     (no helmet)
rElec  .         Spirit   +     C - +0 cloak
rCorr  .         Warding  .     (no gloves)
rMut   .         Stasis   .     l - +0 pair of boots
MR     +....                    (no amulet)
Stlth  +.........               v - +4 ring of evasion
                                p - ring of see invisible

@: about to teleport, very slow, somewhat resistant to hostile enchantments,
very unstealthy
A: fangs 3, regeneration 2, magic shield, antimagic bite, no device heal 3, rot
immunity
a: Bend Time, Temporal Distortion, Slouch, Renounce Religion


You were on level 1 of the Lair of Beasts.
You worshipped Cheibriados.
Cheibriados was greatly pleased with you.
You were hungry.

You visited 3 branches of the dungeon, and saw 10 of its levels.

You collected 578 gold pieces.

Inventory:

Hand Weapons
 b - a +1 blowgun
Missiles
 s - 47 poisoned needles
Armour
 i - a +3 fire dragon armour (worn)
 l - a +0 pair of boots (worn)
 C - a +0 cloak (worn)
Jewellery
 k - an uncursed ring of magical power
 p - a ring of see invisible (left hand)
 u - an uncursed ring of fire
 v - a +4 ring of evasion (right hand)
Wands
 a - a wand of magic darts (25)
 n - a wand of fireball (11)
 w - a wand of magic darts (29)
 B - a wand of magic darts (8)
Scrolls
 o - a scroll of amnesia
 q - a scroll of enchant weapon
 t - 2 scrolls of magic mapping
 y - a scroll of recharging
 A - a scroll of identify
 E - a scroll of remove curse
 F - a scroll of torment {unknown}
Potions
 c - 2 potions of brilliance
 e - 3 potions of haste
 h - 2 potions of might
 j - 4 potions of curing
 D - a potion of lignification {unknown}
Comestibles
 f - 4 meat rations
 g - a slice of pizza
 r - 6 bread rations
 x - 2 beef jerkies
 z - 12 royal jellies


   Skills:
 - Level 2.6 Fighting
 + Level 7.6 Armour
 + Level 4.1 Dodging
 - Level 2.4 Stealth
 + Level 11.3 Unarmed Combat
 + Level 4.6 Invocations


You had 9 spell levels left.
You didn't know any spells.

Dungeon Overview and Level Annotations

Branches:
Dungeon (8/15)             Temple (1/1) D:7            Lair (1/8) D:8

Altars:
Ashenzari
Cheibriados
Dithmenos
Elyvilon
Fedhas
Gozag
Kikubaaqudgha
Makhleb
Nemelex Xobeh
Okawaru
Qazlal
Ru
Sif Muna
Trog
Vehumet
Xom
Yredelemnul
Zin
The Shining One

Portals:
Ice
Cave: Lair:1


Innate Abilities, Weirdness & Mutations

You have razor-sharp teeth.
You heal very quickly.
When hurt, damage is shared between your health and your magic reserves.
Your bite disrupts and absorbs the magic of your enemies.
Potions and wands cannot restore your health.
You are immune to rotting.


Message History

The puff of frost hits you! The white imp misses you.
The white imp hits you but does no damage.
Unknown command.
Read which item? (? for menu, Esc to quit)
As you read the scroll of fear, it crumbles to dust.
You assume a fearsome visage.
The white imp is unaffected.
The white imp is unaffected. x9
The iguana looks frightened!
The porcupine looks frightened!
The white imp shouts!
The white imp hits you but does no damage.
The white imp gestures at you. The puff of frost hits you!
You feel a terrible chill!
* * * LOW HITPOINT WARNING * * *
The white imp gestures at you. The puff of frost hits you!
The white imp closely misses you.
The white imp hits you but does no damage.
The white imp hits you.
* * * LOW HITPOINT WARNING * * *
The white imp freezes you!
You feel a terrible chill!
You die...

#.... #...... ..##...
. #......∩ .$#.... .
###...#...5 .....#
.#####5.5.###5.5 ....#
....5.5......5..#....#
...#######..........#
.#..# .##..55..##
....## ###5@5l..#
.....# ##..55...##
.....## #.........#
......# #...........#
......# #..$.........#
.....## #............#
##..## #.............#
##..# #.............#
#..## ...............


You could see an iguana (fleeing) and 10 white imps.

Vanquished Creatures
  Erolcha (D:8)
  The ghost of mossfogg the Skirmisher, a novice OgBe of Trog (D:5)
  A spiny frog (Lair:1)
  Prince Ribbit (D:8)
  4 vampire mosquitoes (D:8)
  Menkaure (D:5)
  An orc warrior (D:6)
  A wasp (D:8)
  An ice beast (D:8)
  2 black bears
  4 ogres
  2 sky beasts
  A centaur (D:6)
  A giant frog (D:8)
  A gnoll sergeant (D:7)
  2 big kobolds (D:8)
  2 scorpions
  6 wights
  2 centaur zombies
  A giant frog zombie (D:6)
  8 hounds
  4 crimson imps
  3 orc priests
  3 jellies (D:8)
  A giant frog skeleton (D:4)
  6 orc wizards
  Terence (D:2)
  A quasit (D:7)
  4 worker ants
  An iguana (D:4)
  A killer bee zombie (D:8)
  A hound skeleton (D:4)
  A worker ant zombie (D:7)
  14 gnolls
  8 adders
  A shadow imp (D:5)
  2 white imps (Lair:1)
  7 oozes
  2 adder skeletons
  A worm (D:2)
  21 orcs
  4 bats
  5 giant cockroaches
  7 goblins
  6 hobgoblins
  14 jackals
  2 ball pythons
  4 giant geckos
  2 giant newts
  21 kobolds
  4 quokkas
  A quokka skeleton (D:7)
  A quokka zombie (D:7)
  7 rats
205 creatures vanquished.

Notes
Turn   | Place    | Note
--------------------------------------------------------------
     0 | D:1      | HenryFlower the Vine Stalker Monk began the quest for the Orb.
     0 | D:1      | Reached XP level 1. HP: 11/11 MP: 2/2
   122 | D:1      | Reached XP level 2. HP: 16/16 MP: 1/3
   403 | D:1      | Reached XP level 3. HP: 19/19 MP: 4/4
   480 | D:2      | Reached skill level 5 in Unarmed Combat
   852 | D:2      | Noticed Terence
   894 | D:2      | Killed Terence
   894 | D:2      | Reached XP level 4. HP: 13/23 MP: 5/5
  1509 | D:3      | Found a glowing silver altar of Zin.
  1687 | D:3      | Reached skill level 6 in Unarmed Combat
  1752 | D:3      | Reached XP level 5. HP: 22/27 MP: 4/6
  1851 | D:3      | Noticed a sky beast
  1861 | D:3      | Killed a sky beast
  1861 | D:3      | Reached skill level 7 in Unarmed Combat
  1861 | D:3      | Gained mutation: You heal very quickly. [Vine Stalker growth]
  1861 | D:3      | Reached XP level 6. HP: 16/32 MP: 7/7
  2216 | D:3      | Found a burning altar of Makhleb.
  2220 | D:3      | Noticed a blizzard demon
  2224 | D:3      | Noticed a smoke demon
  2224 | D:3      | Noticed a neqoxec
  2536 | D:4      | Reached skill level 1 in Armour
  2792 | D:4      | Reached XP level 7. HP: 32/35 MP: 8/8
  3321 | D:5      | Entered Level 5 of the Dungeon
  3321 | D:5      | Found a radiant altar of Vehumet.
  3341 | D:5      | Noticed Menkaure
  3348 | D:5      | Noticed mossfogg's ghost (novice OgBe)
  3353 | D:5      | Killed Menkaure
  3353 | D:5      | Reached skill level 8 in Unarmed Combat
  3404 | D:5      | Killed mossfogg's ghost
  3404 | D:5      | Gained mutation: You have razor-sharp teeth. [Vine Stalker growth]
  3404 | D:5      | Reached XP level 8. HP: 26/39 MP: 9/9
  3551 | D:5      | Found a sacrificial altar of Ru.
  3738 | D:5      | Reached skill level 9 in Unarmed Combat
  4240 | D:6      | Reached skill level 5 in Armour
  4538 | D:6      | Reached XP level 9. HP: 19/43 MP: 5/10
  4982 | D:6      | Reached skill level 10 in Unarmed Combat
  5242 | D:7      | Found a basalt altar of Yredelemnul.
  5425 | D:7      | Found a staircase to the Ecumenical Temple.
  5440 | Temple   | Entered the Ecumenical Temple
  5482 | Temple   | Became a worshipper of Cheibriados the Contemplative
  5482 | Temple   | Reached * piety under Cheibriados
  5482 | Temple   | Reached ** piety under Cheibriados
  5732 | D:7      | Found a white marble altar of Elyvilon.
  5737 | D:7      | Reached skill level 1 in Invocations
  6101 | D:8      | Noticed Prince Ribbit
  6112 | D:8      | Killed Prince Ribbit
  6243 | D:8      | Reached *** piety under Cheibriados
  6300 | D:8      | Found a staircase to the Lair.
  6360 | D:8      | Reached XP level 10. HP: 47/47 MP: 13/13
  6361 | D:8      | Found an ancient bone altar of Kikubaaqudgha.
  6580 | D:8      | Noticed Erolcha
  6586 | D:8      | Killed Erolcha
  6586 | D:8      | Reached skill level 11 in Unarmed Combat
  6755 | D:8      | Reached **** piety under Cheibriados
  6889 | Lair:1   | Entered Level 1 of the Lair of Beasts
  7073 | Lair:1   | Found a frozen archway.
  7076 | Lair:1   | Slain by a white imp

Vault maps used:
D:1:      saegor_arrival_simple_b
D:2:      first_bread, uniq_terence
D:3:      old_standard_altar, makhleb_altar_promises_db, uniq_natasha
D:5:      black_bear_nest_2, vehumet_crystals, nicolae_ru_awakened_eye,
          uniq_menkaure
D:7:      lemuel_round_altar, nicolae_overflow_crystal_walls,
          minmay_temple_entry_purple_smoke
D:8:      kiku_gazebo_pond_becter, lair_0_dummy, serial_glass, glass_columns_b,
          glass_columns_b, hangedman_little_slice_of_home, uniq_erolcha,
          uniq_prince_ribbit1
Temple:   triangle_lava_temple_12
Lair:1:   portal_ice_cave_entry_imps, guppyfry_lair_drakes,
          infiniplex_staircase_pool_2

Action                   |  1- 3 |  4- 6 |  7- 9 | 10-12 || total
-------------------------+-------+-------+-------+-------++-------
Melee: Unarmed           |   100 |   160 |   371 |    58 ||   689
 Fire: Blowgun           |       |       |     3 |       ||     3
  Use: Scroll            |     5 |     8 |     8 |     5 ||    26
 Stab: Sleeping          |     7 |     6 |       |       ||    13
  Eat: Chunk             |       |     6 |    10 |     1 ||    17
